 Dungeon Crawl Stone Soup version 0.29.0-4-gdea44cf6ec (webtiles) character file.

Game seed: 15367333753360112250

76 qw the Chopper (level 4, -4/26 HPs)
             Began as a Tengu Warper on Aug 28, 2022.
             Killed by nerve-wracking pain
             ... invoked by a shadow imp
             ... summoned by Natasha
              (12 damage)
             ... on level 2 of the Dungeon.
             The game lasted 00:00:08 (1663 turns).

qw the Chopper (Tengu Warper)                       Turns: 1663, Time: 00:00:09

Health: -4/26      AC: 12    Str: 14    XL:     4   Next: 32%
Magic:  8/8        EV:  6    Int: 13    God:
Gold:   24         SH:  0    Dex: 13    Spells: 7/7 levels left

rFire   . . .      SeeInvis .   Y - +0 hand axe
rCold   . . .      Faith    .   (no shield)
rNeg    . . .      Spirit   .   f - +0 chain mail
rPois   .          Reflect  .   (helmet restricted)
rElec   .          Harm     .   (no cloak)
rCorr   .          Rampage  .   (no gloves)
Will    .....                   (boots unavailable)
Stlth   ..........              (no amulet)
HPRegen 0.08/turn               g - +4 ring of protection
MPRegen 0.11/turn               (no ring)

@: no status effects
A: beak, talons 3
a: no special abilities


You were on level 2 of the Dungeon.
You visited 1 branch of the dungeon, and saw 2 of its levels.

You collected 24 gold pieces.


Innate Abilities, Weirdness & Mutations

You have a beak for a mouth.
You have claws for feet.


   Skills:
 - Level 2.0 Fighting
 + Level 4.9 Axes
 - Level 1.0 Throwing
 - Level 1.1 Armour
 - Level 2.1 Dodging
 - Level 2.0 Spellcasting
 - Level 2.4 Translocations


You had 7 spell levels left.
You didn't know any spells.
Your spell library contained the following spells:

 Spells                   Type           Power      Damage    Failure   Level
 Blink                    Tloc           14%        N/A       99%         2
 Gell's Gravitas          Tloc           7%         N/A       100%        3
 Lesser Beckoning         Tloc           7%         N/A       100%        3
 Teleport Other           Tloc           7%         N/A       100%        3
 Manifold Assault         Tloc           7%         N/A       100%        5

Inventory:

Hand Weapons
 j - a +0 whip of flaming
 Y - a +0 hand axe (weapon)
Armour
 f - a +0 chain mail (worn)
Jewellery
 g - a +4 ring of protection (left hand)
Potions
 h - a potion of cancellation {unknown}

Dungeon Overview and Level Annotations

Branches:
Dungeon (2/15)

Altars:

Annotations:
D:2 Natasha


Message History

Natasha howls an incantation.
Natasha's front paws start to glow.
Natasha claws you but does no damage.
You hit Natasha. You claw Natasha, but do no damage. Your peck misses Natasha.
Natasha is moderately wounded.
Natasha claws you! Natasha barely misses you.
You closely miss Natasha.
Natasha is moderately wounded.
You barely miss the shadow imp. The shadow imp barely misses you.
Natasha claws you but does no damage.
The shadow imp hits you but does no damage.
You hit Natasha but do no damage. Your peck misses Natasha.
Natasha is moderately wounded.
You hit the shadow imp.
You feel yourself speed up. Natasha barely misses you.
The shadow imp hits you but does no damage.
Natasha casts a spell.
You barely miss Natasha. Your kick misses Natasha.
Natasha is moderately wounded.
You hit the shadow imp. You hit the iron imp. The shadow imp hits you.
Natasha claws you but does no damage.
The shadow imp hits you but does no damage.
You completely miss the shadow imp. Your peck misses the shadow imp.
The shadow imp is heavily wounded.
You barely miss the iron imp. You barely miss Natasha.
The iron imp hits you but does no damage.
Natasha claws you but does no damage.
The shadow imp hits you but does no damage.
You hit the shadow imp but do no damage.
You claw the shadow imp, but do no damage.
You peck the shadow imp.
The shadow imp is almost dead.
You hit the iron imp but do no damage. You closely miss Natasha.
The iron imp hits you but does no damage.
Natasha stares at you and mumbles some strange words.
The magic dart hits you but does no damage.
The shadow imp gestures at you. Pain shoots through your body!
You die...

...# ###?[...#
#### #####.#
###>### #
#####.####.......
#
#........#.......
#.###.##.#.......
#.##.#.......
#.##.#.......
...#.##5#5......
........@h......
...............[
#.##.###.###.##.
#. #.# # # #.#
#.# #.# #.>


You could see an iron imp (summoned), Natasha and a shadow imp (summoned).

Vanquished Creatures
  Natasha (D:2)
  An adder (D:2)
  2 dart slugs (D:1)
  4 bats (D:1)
  3 endoplasms (D:1)
  2 giant cockroaches (D:1)
  4 goblins
  4 hobgoblins
  A quokka (D:1)
  3 ball pythons (D:1)
  2 frilled lizards
  4 kobolds (D:1)
  6 rats
37 creatures vanquished.

Notes
Turn   | Place    | Note
-------+----------+-------------------------------------------
     0 | D:1      | qw the Tengu Warper began the quest for the Orb.
     0 | D:1      | Reached XP level 1. HP: 12/12 MP: 4/4
     0 | D:1      | 0 ||| qw: Version: 0.1-a-89-g26bdef1
     0 | D:1      | 0 ||| qw: Game counter: 1784
     0 | D:1      | 0 ||| qw: Always use a shield: true
     0 | D:1      | 0 ||| qw: God list: Okawaru
     0 | D:1      | 0 ||| qw: Allow faded altars: false
     0 | D:1      | 0 ||| qw: Do Orc after D:15 true
     0 | D:1      | 0 ||| qw: Do second Lair branch before Depths: true
     0 | D:1      | 0 ||| qw: Lair rune preference: random
     0 | D:1      | 0 ||| qw: Plans: Normal
     0 | D:1      | 0 ||| PLANNING D:1-11
    29 | D:1      | 29 ||| Stepping ~*~*~tactically~*~*~ (hiding).
    54 | D:1      | 54 ||| Stepping ~*~*~tactically~*~*~ (stealth).
    55 | D:1      | 55 ||| Stepping ~*~*~tactically~*~*~ (stealth).
   106 | D:1      | Reached skill level 3 in Axes
   106 | D:1      | Reached XP level 2. HP: 17/17 MP: 6/6
   339 | D:1      | 339 ||| Stepping ~*~*~tactically~*~*~ (hiding).
   441 | D:1      | 441 ||| Stepping ~*~*~tactically~*~*~ (hiding).
   543 | D:1      | 543 ||| Stepping ~*~*~tactically~*~*~ (hiding).
   748 | D:1      | 748 ||| DROPPING +0 club.
   826 | D:1      | Reached XP level 3. HP: 21/21 MP: 7/7
  1057 | D:1      | Reached skill level 4 in Axes
  1083 | D:1      | 1083 ||| Stepping ~*~*~tactically~*~*~ (stealth).
  1193 | D:1      | 1193 ||| UPGRADING to +0 chain mail.
  1203 | D:1      | 1203 ||| DROPPING +0 leather armour.
  1204 | D:1      | 1204 ||| UPGRADING to +4 ring of protection.
  1205 | D:1      | 1205 ||| READING scroll labelled HYMEAH BOVEMEG.
  1206 | D:1      | 1206 ||| READING scroll labelled YFIKUM EFROPYA.
  1207 | D:1      | 1207 ||| READING scroll labelled OBESHI QAIXTI.
  1322 | D:1      | 1322 ||| DROPPING scroll of blinking.
  1464 | D:2      | Noticed Natasha
  1470 | D:2      | Killed Natasha
  1471 | D:2      | Reached XP level 4. HP: 17/26 MP: 8/8
  1647 | D:2      | Noticed Natasha
  1648 | D:2      | 1648 ||| Stepping ~*~*~tactically~*~*~ (stealth).
  1650 | D:2      | 1650 ||| Stepping ~*~*~tactically~*~*~ (hiding).
  1663 | D:2      | Killed from afar by a shadow imp

Levels and vault maps discovered:
D:1:      lightli_arrival_farm, layout_loops_ring
D:2:      layout_loops_corners, nicolae_ecumenical_lake_church, uniq_natasha,
          uniq_sigmund

Skill      XL: |  1  2  3 |
---------------+----------+-----
Axes           | 3 4 |  4.9
Fighting       | |  2.0
Throwing       | |  1.0
Armour         | |  1.1
Dodging        | |  2.1
Spellcasting   | |  2.0
Translocations | |  2.4

Action                   |  1- 3 |  4- 6 || total
-------------------------+-------+-------++-------
Melee: Hand axe          |    79 |    16 ||    95
       Kick              |    14 |     5 ||    19
       Peck              |     6 |     3 ||     9
Throw: Boomerang         |     7 |       ||     7
  Use: Scroll            |     3 |       ||     3
Armor: Leather armour    |    18 |       ||    18
       Chain mail        |     7 |    21 ||    28
Dodge: Dodged            |    34 |     7 ||    41

Table legend:
 A = Non-vault XP
 B = Vault XP
 C = Vault XP percentage of total XP
 D = Non-vault monster count
 E = Vault monster count
 F = Vault count percentage of total count
                 A         B        C        D         E       F
            +---------+---------+-------+---------+---------+-------
      Total |      73 |      36 |  33.0 |      36 |       1 |   2.7
            +---------+---------+-------+---------+---------+-------
        D:1 |      50 |       0 |   0.0 |      29 |       0 |   0.0
        D:2 |      23 |      36 |  61.0 |       7 |       1 |  12.5
            +---------+---------+-------+---------+---------+-------
